| TOP OF THE 1ST |
|
Rome Braves batting - Pitching for Salem-Keizer Volcanoes : RHP Kevin Spencer
|
|
Pitching: RHP Kevin Spencer
|
|
|
Batting: RHB Nate Taylor
|
0-0: Reached on error, E6 (Groundball, 6D, EV 99.4 MPH)
|
|
Batting: RHB Chris Trites
|
0-0: Hit by Pitch Nate Taylor to second
|
|
Batting: LHB Ricardo Sandoval
|
0-0: Ball Passed Ball! Nate Taylor to third Chris Trites to second 1-0: Foul Ball, location: 2F 1-1: Ball 2-1: Ground out 6-3 (Groundball, 6, EV 103.8 MPH) Nate Taylor scores
|
|
Batting: LHB Tamaichi Sasada
|
0-0: Called Strike 0-1: Ball Chris Trites steals 3rd base 1-1: SINGLE (Groundball, 56, EV 103.1 MPH) Chris Trites scores
|
|
Batting: RHB Justin Reich
|
0-0: Called Strike 0-1: Fly out, F8 (Flyball, 89M, EV 90.6 MPH)
|
|
Batting: SHB Karl Starnes
|
0-0: Ball Tamaichi Sasada steals 2nd base 1-0: Called Strike 1-1: Foul Ball, location: 2F 1-2: Ground out 4-3 (Groundball, 4, EV 101.9 MPH)
|
| Top of the 1st over - 2 runs, 1 hit, 1 error, 1 left on base; Rome 2 - Salem-Keizer 0 |
| BOTTOM OF THE 1ST |
|
Salem-Keizer Volcanoes batting - Pitching for Rome Braves : RHP Jimmy Loudner
|
|
Pitching: RHP Jimmy Loudner
|
|
|
Batting: RHB Soichi Kaneshiro
|
0-0: Ball 1-0: Ground out 5-3 (Groundball, 56, EV 78.1 MPH)
|
|
Batting: SHB Michael Woodard
|
0-0: Called Strike 0-1: Ball 1-1: Ball 2-1: SINGLE (Groundball, 6MD, EV 90.0 MPH) (infield hit)
|
|
Batting: LHB Kuan Hsia
|
0-0: Called Strike 0-1: Foul Ball, location: 2F 0-2: Ball 1-2: Strikes out swinging
|
|
Batting: LHB Adrian Navarro
|
0-0: Ground out 4-3 (Groundball, 4, EV 90.0 MPH)
|
| Bottom of the 1st over - 0 runs, 1 hit, 0 errors, 1 left on base; Rome 2 - Salem-Keizer 0 |
| TOP OF THE 2ND |
|
Rome Braves batting - Pitching for Salem-Keizer Volcanoes : RHP Kevin Spencer
|
|
Batting: RHB Tim Molchan
|
0-0: Ball 1-0: Ball 2-0: Swinging Strike 2-1: Ball 3-1: Called Strike 3-2: Fly out, F9 (Flyball, 9LM, EV 78.1 MPH)
|
|
Batting: RHB Costantino Dolfini
|
0-0: Foul Ball, location: 2F 0-1: Ball 1-1: Called Strike 1-2: Foul Ball, location: 2F 1-2: Ball 2-2: Ball 3-2: SINGLE (Line Drive, 6M, EV 101.2 MPH)
|
|
Batting: RHB Rafael Reyes
|
0-0: Called Strike Costantino Dolfini steals 2nd base 0-1: Called Strike 0-2: Reached on error, E4 (Groundball, 34, EV 78.8 MPH) Costantino Dolfini to third
|
|
Batting: RHB Nate Taylor
|
0-0: Called Strike 0-1: Ball 1-1: Called Strike Rafael Reyes steals 2nd base 1-2: Foul Ball, location: 2F 1-2: Foul Ball, location: 2F 1-2: Ball 2-2: Ball Passed Ball! Costantino Dolfini scores Rafael Reyes to third 3-2: Base on Balls
|
|
Batting: RHB Chris Trites
|
0-0: Called Strike Nate Taylor steals 2nd base (no throw) 0-1: Ground out 3-1 (Groundball, 34S, EV 90.0 MPH) Rafael Reyes scores Nate Taylor to third
|
|
Batting: LHB Ricardo Sandoval
|
0-0: Called Strike 0-1: Ball Passed Ball! Nate Taylor scores 1-1: SINGLE (Groundball, 34S, EV 72.5 MPH) (infield hit)
|
|
Batting: LHB Tamaichi Sasada
|
0-0: Ball Ricardo Sandoval steals 2nd base 1-0: Ground out 6-3 (Groundball, P, EV 80.6 MPH)
|
| Top of the 2nd over - 3 runs, 2 hits, 1 error, 1 left on base; Rome 5 - Salem-Keizer 0 |
| BOTTOM OF THE 2ND |
|
Salem-Keizer Volcanoes batting - Pitching for Rome Braves : RHP Jimmy Loudner
|
|
Batting: RHB Ricky Aguilar
|
0-0: Called Strike 0-1: Foul Ball, location: 2F 0-2: Foul Ball, location: 2F 0-2: Ball 1-2: Foul Ball, location: 2F 1-2: Ball 2-2: Fly out, F4 (Popup, 4S, EV 68.1 MPH)
|
|
Batting: RHB Glen Limeburner
|
0-0: Ball 1-0: Called Strike 1-1: Ground out 6-3 (Groundball, 6, EV 111.2 MPH)
|
|
Batting: RHB Eddie Ramirez
|
0-0: Called Strike 0-1: Ball 1-1: Swinging Strike 1-2: Ball 2-2: Strikes out swinging
|
| Bottom of the 2nd over - 0 runs, 0 hits, 0 errors, 0 left on base; Rome 5 - Salem-Keizer 0 |
| TOP OF THE 3RD |
|
Rome Braves batting - Pitching for Salem-Keizer Volcanoes : RHP Kevin Spencer
|
|
Batting: RHB Justin Reich
|
0-0: Reached on error, E5 (Groundball, 56S, EV 86.9 MPH)
|
|
Batting: SHB Karl Starnes
|
0-0: Called Strike 0-1: Ball Passed Ball! Justin Reich to third 1-1: Ball 2-1: Ground out U3 (Groundball, 34, EV 95.0 MPH) Justin Reich scores
|
|
Batting: RHB Tim Molchan
|
0-0: Ball 1-0: Called Strike 1-1: Ball 2-1: Ground out 5-3 (Groundball, 56, EV 104.4 MPH)
|
|
Batting: RHB Costantino Dolfini
|
0-0: Ball 1-0: Swinging Strike 1-1: Ball 2-1: Ball 3-1: Fly out, F7 (Line Drive, 7, EV 106.2 MPH)
|
| Top of the 3rd over - 1 run, 0 hits, 1 error, 0 left on base; Rome 6 - Salem-Keizer 0 |
| BOTTOM OF THE 3RD |
|
Salem-Keizer Volcanoes batting - Pitching for Rome Braves : RHP Jimmy Loudner
|
|
Batting: SHB Wally Dethridge
|
0-0: Ball 1-0: Foul Ball, location: 2F 1-1: Fly out, F9 (Line Drive, 9, EV 105.6 MPH)
|
|
Batting: SHB Justin Tidwell
|
0-0: Called Strike 0-1: Called Strike 0-2: Ball 1-2: Ball 2-2: Foul Ball, location: 2F 2-2: Strikes out swinging
|
|
Batting: RHB Soichi Kaneshiro
|
0-0: Ball 1-0: Foul Ball, location: 2F 1-1: Ball 2-1: Foul Ball, location: 2F 2-2: Strikes out swinging
|
| Bottom of the 3rd over - 0 runs, 0 hits, 0 errors, 0 left on base; Rome 6 - Salem-Keizer 0 |
| TOP OF THE 4TH |
|
Rome Braves batting - Pitching for Salem-Keizer Volcanoes : RHP Kevin Spencer
|
|
Batting: RHB Rafael Reyes
|
0-0: Ball 1-0: Ground out 4-3 (Groundball, 4M, EV 94.4 MPH)
|
|
Batting: RHB Nate Taylor
|
0-0: Called Strike 0-1: Fly out, F8 (Flyball, 78D, EV 95.6 MPH)
|
|
Batting: RHB Chris Trites
|
0-0: Ball 1-0: Ball 2-0: Foul Ball, location: 2F 2-1: Ball 3-1: Base on Balls
|
|
Batting: LHB Ricardo Sandoval
|
0-0: Called Strike Chris Trites steals 2nd base 0-1: Ball Wild Pitch! Chris Trites to third 1-1: Ball 2-1: Fly out, F9 (Flyball, 89M, EV 95.0 MPH)
|
| Top of the 4th over - 0 runs, 0 hits, 0 errors, 1 left on base; Rome 6 - Salem-Keizer 0 |
| BOTTOM OF THE 4TH |
|
Salem-Keizer Volcanoes batting - Pitching for Rome Braves : RHP Jimmy Loudner
|
|
Batting: SHB Michael Woodard
|
0-0: Called Strike 0-1: Foul Ball, location: 2F 0-2: Ball 1-2: Foul Ball, location: 2F 1-2: Ball 2-2: Ball 3-2: Foul Ball, location: 2F 3-2: Ground out 4-3 (Groundball, 4S, EV 83.1 MPH)
|
|
Batting: LHB Kuan Hsia
|
0-0: Ball 1-0: Foul Ball, location: 2F 1-1: Swinging Strike 1-2: Ball 2-2: Foul Ball, location: 2F 2-2: Fly out, F8 (Flyball, 89S, EV 77.5 MPH)
|
|
Batting: LHB Adrian Navarro
|
0-0: Ball 1-0: Called Strike 1-1: Ball 2-1: Foul Ball, location: 2F 2-2: Foul Ball, location: 2F 2-2: Strikes out swinging
|
| Bottom of the 4th over - 0 runs, 0 hits, 0 errors, 0 left on base; Rome 6 - Salem-Keizer 0 |
| TOP OF THE 5TH |
|
Rome Braves batting - Pitching for Salem-Keizer Volcanoes : RHP Kevin Spencer
|
|
Batting: LHB Tamaichi Sasada
|
0-0: Ground out 6-3 (Groundball, 4M, EV 84.4 MPH)
|
|
Batting: RHB Justin Reich
|
0-0: Ball 1-0: Ground out 4-3 (Groundball, 34D, EV 86.9 MPH)
|
|
Batting: SHB Karl Starnes
|
0-0: Fly out, F7 (Flyball, 7D, EV 90.6 MPH)
|
| Top of the 5th over - 0 runs, 0 hits, 0 errors, 0 left on base; Rome 6 - Salem-Keizer 0 |
| BOTTOM OF THE 5TH |
|
Salem-Keizer Volcanoes batting - Pitching for Rome Braves : RHP Jimmy Loudner
|
|
Batting: RHB Ricky Aguilar
|
0-0: Foul Ball, location: 2F 0-1: Swinging Strike 0-2: Ball 1-2: Ball 2-2: Ball 3-2: Strikes out swinging
|
|
Batting: RHB Glen Limeburner
|
0-0: Swinging Strike 0-1: Foul Ball, location: 2F 0-2: Ball 1-2: Ball 2-2: Strikes out swinging
|
|
Batting: RHB Eddie Ramirez
|
0-0: Ball 1-0: Ball 2-0: Called Strike 2-1: Ball 3-1: Foul Ball, location: 2F 3-2: Foul Ball, location: 2F 3-2: Foul Ball, location: 2F 3-2: Base on Balls
|
|
Batting: SHB Wally Dethridge
|
0-0: Ball 1-0: Swinging Strike 1-1: Foul Ball, location: 2F 1-2: Strikes out swinging
|
| Bottom of the 5th over - 0 runs, 0 hits, 0 errors, 1 left on base; Rome 6 - Salem-Keizer 0 |
| TOP OF THE 6TH |
|
Rome Braves batting - Pitching for Salem-Keizer Volcanoes : RHP Kevin Spencer
|
|
Batting: RHB Tim Molchan
|
0-0: Foul Ball, location: 2F 0-1: Ball 1-1: DOUBLE (Flyball, 78XD, EV 96.2 MPH)
|
|
Batting: RHB Costantino Dolfini
|
0-0: Foul Ball, location: 2F 0-1: Called Strike 0-2: Fly out, F7 (Flyball, 78S, EV 89.4 MPH)
|
|
Batting: RHB Rafael Reyes
|
0-0: Foul Ball, location: 2F 0-1: Ground out U3 (Groundball, 3, EV 95.0 MPH) Tim Molchan to third
|
|
Batting: RHB Nate Taylor
|
0-0: Called Strike 0-1: Ball 1-1: DOUBLE (Line Drive, 7LM, EV 103.8 MPH) Tim Molchan scores
|
|
Pitching: RHP Edward Jones
|
|
|
Batting: RHB Chris Trites
|
0-0: Foul Ball, location: 2F 0-1: Swinging Strike 0-2: Strikes out swinging
|
| Top of the 6th over - 1 run, 2 hits, 0 errors, 1 left on base; Rome 7 - Salem-Keizer 0 |
| BOTTOM OF THE 6TH |
|
Salem-Keizer Volcanoes batting - Pitching for Rome Braves : RHP Jimmy Loudner
|
|
Batting: SHB Justin Tidwell
|
0-0: Foul Ball, location: 2F 0-1: Ball 1-1: Swinging Strike 1-2: Ball 2-2: Foul Ball, location: 2F 2-2: Ball 3-2: Strikes out swinging
|
|
Batting: RHB Soichi Kaneshiro
|
0-0: Swinging Strike 0-1: Ball 1-1: SINGLE (Line Drive, 34D, EV 96.2 MPH)
|
|
Batting: SHB Michael Woodard
|
0-0: Called Strike Soichi Kaneshiro steals 2nd base 0-1: Ground out 6-3 (Groundball, 6, EV 103.8 MPH)
|
|
Batting: LHB Kuan Hsia
|
0-0: Fly out, F5 (Popup, 5F, EV 69.4 MPH)
|
| Bottom of the 6th over - 0 runs, 1 hit, 0 errors, 1 left on base; Rome 7 - Salem-Keizer 0 |
| TOP OF THE 7TH |
|
Rome Braves batting - Pitching for Salem-Keizer Volcanoes : RHP Edward Jones
|
|
Batting: LHB Ricardo Sandoval
|
0-0: Swinging Strike 0-1: Foul Ball, location: 2F 0-2: Ball 1-2: Ball 2-2: Strikes out swinging
|
|
Batting: LHB Tamaichi Sasada
|
0-0: Ball 1-0: Ball 2-0: Ball 3-0: Base on Balls
|
|
Batting: RHB Justin Reich
|
0-0: SINGLE (Groundball, 34D, EV 98.8 MPH) Tamaichi Sasada to second
|
|
Batting: SHB Karl Starnes
|
0-0: Ball 1-0: Ball Passed Ball! Tamaichi Sasada to third Justin Reich to second 2-0: Called Strike 2-1: SINGLE (Line Drive, 7S, EV 110.6 MPH) Tamaichi Sasada scores Justin Reich to third
|
|
Batting: RHB Tim Molchan
|
0-0: Called Strike 0-1: Ball Passed Ball! Justin Reich scores Karl Starnes to second 1-1: Foul Ball, location: 2F 1-2: DOUBLE (Flyball, 89XD, EV 111.9 MPH) Karl Starnes scores
|
|
Pitching: RHP James Jenkins
|
|
|
Pinch Hitting: RHB Alex Campos
|
0-0: Called Strike 0-1: Ball 1-1: Ball 2-1: Foul Ball, location: 2F 2-2: Foul Ball, location: 2F 2-2: Ball 3-2: Base on Balls
|
|
Batting: RHB Rafael Reyes
|
0-0: Ball 1-0: Called Strike 1-1: Ball Passed Ball! Tim Molchan to third Alex Campos to second 2-1: SINGLE (Line Drive, 78M, EV 106.2 MPH) Tim Molchan scores Alex Campos to third
|
|
Batting: RHB Nate Taylor
|
0-0: Ball 1-0: Ball 2-0: Called Strike 2-1: Ball 3-1: Base on Balls Rafael Reyes to second
|
|
Batting: RHB Chris Trites
|
0-0: Ball Passed Ball! Alex Campos scores Rafael Reyes to third Nate Taylor to second 1-0: Swinging Strike Passed Ball! Rafael Reyes scores Nate Taylor to third 1-1: Ground out 5-3 (Groundball, 5, EV 78.1 MPH)
|
|
Pitching: RHP Danny Estrada
|
|
|
Batting: LHB Ricardo Sandoval
|
0-0: Ball Passed Ball! Nate Taylor scores 1-0: Ball 2-0: Ball 3-0: Called Strike 3-1: Base on Balls
|
|
Batting: LHB Tamaichi Sasada
|
0-0: Ground out 4-3 (Groundball, 4M, EV 103.1 MPH)
|
| Top of the 7th over - 7 runs, 4 hits, 0 errors, 1 left on base; Rome 14 - Salem-Keizer 0 |
| BOTTOM OF THE 7TH |
|
Salem-Keizer Volcanoes batting - Pitching for Rome Braves : RHP Jimmy Loudner
|
|
Now in RF: Alex Campos
|
|
|
Batting: LHB Adrian Navarro
|
0-0: Called Strike 0-1: Swinging Strike 0-2: Strikes out looking
|
|
Batting: RHB Ricky Aguilar
|
0-0: Foul Ball, location: 2F 0-1: Swinging Strike 0-2: Ball 1-2: Strikes out swinging
|
|
Batting: RHB Glen Limeburner
|
0-0: Called Strike 0-1: Ball 1-1: Ball 2-1: Foul Ball, location: 2F 2-2: Ball 3-2: Strikes out swinging
|
| Bottom of the 7th over - 0 runs, 0 hits, 0 errors, 0 left on base; Rome 14 - Salem-Keizer 0 |
| TOP OF THE 8TH |
|
Rome Braves batting - Pitching for Salem-Keizer Volcanoes : RHP Danny Estrada
|
|
Batting: RHB Justin Reich
|
0-0: Foul Ball, location: 2F 0-1: Ball 1-1: Fly out, F9 (Line Drive, 9, EV 95.0 MPH)
|
|
Batting: SHB Karl Starnes
|
0-0: Swinging Strike 0-1: Swinging Strike 0-2: Ball 1-2: Foul Ball, location: 2F 1-2: Strikes out looking
|
|
Batting: RHB Tim Molchan
|
0-0: Ball 1-0: Ball 2-0: Ball 3-0: Called Strike 3-1: Base on Balls
|
|
Pitching: RHP Carlos Solis
|
|
|
Batting: RHB Alex Campos
|
0-0: Called Strike 0-1: Called Strike 0-2: Ball Passed Ball! Tim Molchan to second 1-2: Ball Passed Ball! Tim Molchan to third 2-2: Ball 3-2: Base on Balls
|
|
Batting: RHB Rafael Reyes
|
0-0: Ball Passed Ball! Tim Molchan scores Alex Campos to second 1-0: Called Strike 1-1: Called Strike 1-2: Ball 2-2: Ball 3-2: Base on Balls
|
|
Batting: RHB Nate Taylor
|
0-0: Ball Passed Ball! Alex Campos to third Rafael Reyes to second 1-0: Ball 2-0: Called Strike 2-1: Foul Ball, location: 2F 2-2: Ball 3-2: Foul Ball, location: 2F 3-2: Base on Balls
|
|
Pitching: LHP Ken Cromsie
|
|
|
Pinch Hitting: RHB Gerard Michel
|
0-0: SINGLE (Line Drive, 34, EV 94.4 MPH) Alex Campos scores Rafael Reyes to third Nate Taylor to second
|
|
Batting: LHB Ricardo Sandoval
|
0-0: Called Strike 0-1: Ball 1-1: Ball 2-1: Foul Ball, location: 2F 2-2: Ball 3-2: Base on Balls Rafael Reyes scores Nate Taylor to third Gerard Michel to second
|
|
Batting: LHB Tamaichi Sasada
|
0-0: Ball Passed Ball! Nate Taylor scores Gerard Michel to third Ricardo Sandoval to second 1-0: Foul Ball, location: 2F 1-1: Ball 2-1: Ball 3-1: Foul Ball, location: 2F 3-2: Base on Balls
|
|
Batting: RHB Justin Reich
|
0-0: Called Strike 0-1: Ball 1-1: Fielders Choice at 2nd, 5-4 (Groundball, 56, EV 100.0 MPH)
|
| Top of the 8th over - 4 runs, 1 hit, 0 errors, 3 left on base; Rome 18 - Salem-Keizer 0 |
| BOTTOM OF THE 8TH |
|
Salem-Keizer Volcanoes batting - Pitching for Rome Braves : RHP Jimmy Loudner
|
|
Pitching: LHP Gonnohyoe Hata
|
|
|
Now in LF: Gerard Michel
|
|
|
Batting: RHB Eddie Ramirez
|
0-0: Called Strike 0-1: Called Strike 0-2: Strikes out swinging
|
|
Batting: SHB Wally Dethridge
|
0-0: Swinging Strike 0-1: Ball 1-1: Called Strike 1-2: Foul Ball, location: 2F 1-2: Strikes out looking
|
|
Batting: SHB Justin Tidwell
|
0-0: Called Strike 0-1: Swinging Strike 0-2: Ball 1-2: Strikes out swinging
|
| Bottom of the 8th over - 0 runs, 0 hits, 0 errors, 0 left on base; Rome 18 - Salem-Keizer 0 |
| TOP OF THE 9TH |
|
Rome Braves batting - Pitching for Salem-Keizer Volcanoes : LHP Ken Cromsie
|
|
Batting: SHB Karl Starnes
|
0-0: Called Strike 0-1: Ball 1-1: Foul Ball, location: 2F 1-2: Ball 2-2: Ball 3-2: Fly out, F8 (Flyball, 8LD, EV 104.4 MPH)
|
|
Batting: RHB Tim Molchan
|
0-0: Ball 1-0: Ball 2-0: Called Strike 2-1: Ball 3-1: Base on Balls
|
|
Batting: RHB Alex Campos
|
0-0: DOUBLE (Groundball, 5L, EV 103.1 MPH) Tim Molchan to third
|
|
Batting: RHB Rafael Reyes
|
0-0: Ground out 6-3 (Groundball, P, EV 86.2 MPH) Tim Molchan scores Alex Campos to third
|
|
Batting: RHB Nate Taylor
|
0-0: Called Strike 0-1: Ball 1-1: Ground out 1-3 (Groundball, 13, EV 75.6 MPH)
|
| Top of the 9th over - 1 run, 1 hit, 0 errors, 1 left on base; Rome 19 - Salem-Keizer 0 |
| BOTTOM OF THE 9TH |
|
Salem-Keizer Volcanoes batting - Pitching for Rome Braves : LHP Gonnohyoe Hata
|
|
Batting: RHB Soichi Kaneshiro
|
0-0: Called Strike 0-1: Ball 1-1: Ball 2-1: Foul Ball, location: 2F 2-2: Ball 3-2: Foul Ball, location: 2F 3-2: Strikes out swinging
|
|
Batting: SHB Michael Woodard
|
0-0: Called Strike 0-1: Foul Ball, location: 2F 0-2: Ball 1-2: Strikes out swinging
|
|
Batting: LHB Kuan Hsia
|
0-0: Ball 1-0: Called Strike 1-1: Swinging Strike 1-2: Strikes out swinging
|
| Bottom of the 9th over - 0 runs, 0 hits, 0 errors, 0 left on base; Rome 19 - Salem-Keizer 0 |
|